 Dungeon Crawl Stone Soup version 0.26.1-11-gd32895ea62 (webtiles) character file.

Game seed: 3492542939297126952

7627 Zeld the Severer (level 10, 0/82 HPs)
             Began as a Deep Dwarf Fighter on June 3, 2021.
             Was a Believer of Makhleb.
             Slain by a catoblepas (23 damage)
             ... on level 9 of the Dungeon on June 4, 2021.
             The game lasted 00:14:53 (8649 turns).

Zeld the Severer (Deep Dwarf Fighter)               Turns: 8649, Time: 00:14:54

Health: 0/82       AC: 21    Str: 24    XL:     10   Next: 98%
Magic:  8/8        EV:  1    Int:  8    God:    Makhleb [**....]
Gold:   570        SH:  9    Dex: 12    Spells: 9/9 levels left

rFire    . . .     SeeInvis +   a - +0 war axe
rCold    . . .     Faith    .   c - +0 kite shield
rNeg     . . .     Spirit   .   l - +0 crystal plate armour
rPois    .         Reflect  .   k - +2 helmet
rElec    .         Harm     .   b - scarf {+Inv}
rCorr    .         Rampage  .   D - +0 pair of gloves
Will     +....                  B - +0 pair of boots
Stlth    ..........             (no amulet)
HPRegen  0.00/turn              n - ring of see invisible
MPRegen  0.11/turn              (no ring)

@: non-regenerating
A: damage resistance, heal wounds, sense surroundings 2, no regeneration
a: Heal Wounds, Renounce Religion, Evoke Invisibility, Minor Destruction


You were on level 9 of the Dungeon.
You worshipped Makhleb.
Makhleb was pleased with you.
You visited 2 branches of the dungeon, and saw 10 of its levels.
You also visited: Ossuary.

You collected 704 gold pieces.
You spent 134 gold pieces at shops.

Inventory:

Hand Weapons
 a - a +0 war axe (weapon)
Missiles
 t - 18 poisoned darts (quivered)
Armour
 b - a scarf of invisibility (worn)
 c - a +0 kite shield (worn)
 k - a +2 helmet (worn)
 l - a +0 crystal plate armour (worn)
 B - a +0 pair of boots (worn)
 D - a +0 pair of gloves (worn)
Jewellery
 n - a ring of see invisible (left hand)
 p - an uncursed ring of protection from cold
 E - an uncursed ring of protection from fire
Wands
 g - a wand of flame (14)
 o - a wand of iceblast (7)
 y - a wand of enslavement (8)
 A - a wand of polymorph (3)
Scrolls
 e - 5 scrolls of teleportation
 f - 5 scrolls of fear
 h - 3 scrolls of enchant weapon
 q - 4 scrolls of remove curse
 r - a scroll of blinking
 u - 3 scrolls of holy word
Potions
 d - 2 potions of might
 i - 3 potions of heal wounds
 j - 6 potions of curing
 m - a potion of magic
 s - 3 potions of flight
 v - 2 potions of haste
 w - a potion of invisibility {unknown}
 x - 2 potions of lignification {unknown}
 z - a potion of degeneration {unknown}
 C - a potion of ambrosia {unknown}


   Skills:
 * Level 2.8 Fighting
 - Level 16.0 Axes
 - Level 6.0 Throwing
 - Level 3.2 Armour
 + Level 0.2 Dodging
 - Level 3.2 Shields
 * Level 1.0 Invocations
 + Level 0.4 Evocations


You had 9 spell levels left.
You didn't know any spells.
Your spell library contained the following spells:

 Spells                   Type           Power        Failure   Level
 Animate Skeleton         Necr           0%           100%        1
 Apportation              Tloc           0%           100%        1
 Corona                   Hex            0%           100%        1
 Foxfire                  Conj/Fire      0%           100%        1
 Magic Dart               Conj           0%           100%        1
 Summon Small Mammal      Summ           0%           100%        1
 Ensorcelled Hibernation  Hex/Ice        0%           100%        2
 Searing Ray              Conj           0%           100%        2
 Confusing Touch          Hex            0%           100%        3
 Conjure Flame            Conj/Fire      0%           100%        3
 Dazzling Flash           Conj/Hex       0%           100%        3
 Inner Flame              Hex/Fire       0%           100%        3
 Tukima's Dance           Hex            0%           100%        3
 Fulminant Prism          Conj/Hex       0%           100%        4
 Iskenderun's Mystic Bla  Conj/Tloc      0%           100%        4
 Sticky Flame             Conj/Fire      0%           100%        4
 Fireball                 Conj/Fire      0%           100%        5


Dungeon Overview and Level Annotations

Branches:
Dungeon (9/15)             Temple (1/1) D:6            Lair (0/6) D:9
Ossuary (visited)
    Orc: D:9-12

Altars:
Ashenzari
Cheibriados
Dithmenos
Elyvilon
Fedhas
Gozag
Hepliaklqana
Kikubaaqudgha
Makhleb
Nemelex Xobeh
Okawaru
Qazlal
Ru
Sif Muna
Trog
Uskayaw
Vehumet
Wu Jian
Xom
Yredelemnul
Zin
The Shining One

Shops:
D:4 *   D:8 [

Annotations:
D:5 3 exclusions


Innate Abilities, Weirdness & Mutations

You are resistant to damage.
You can heal yourself by infusing magical energy.
You passively map the area around you.
You do not regenerate.


Message History

Unknown command.
You are engulfed in calcifying dust.
You are slowing down.
Unknown command.
Your limbs are stiffening.
You have turned to stone.
You turn to flesh and can move again.
You hit the catoblepas but do no damage.
The catoblepas is lightly wounded.
You hit the catoblepas but do no damage.
The catoblepas is lightly wounded.
The catoblepas gores you!
* * * LOW HITPOINT WARNING * * *
You slash the catoblepas!
The catoblepas is moderately wounded.
Your smoke demon gestures at the catoblepas.
The sticky flame hits the catoblepas.
The catoblepas is covered in liquid flames!
The catoblepas gores you!!
You die...

..............#
#.....# * * ,,
#.............#
##3#### * *
######........#
#Y# #......#†#
#3# #......#.#
#.# , #...)..#.##
#(# ,*
########..# #§#
#..###.#######**,
#..@Y3........
,,*
##.##......###**
#..#......#
##.#......#
#..#)##### ##.#)#
#.#.# #.#)# #...#


You could see a catoblepas (burning) and a friendly smoke demon (summoned).

Vanquished Creatures
  Pikel (D:6)
  Maggie (D:6)
  A komodo dragon (D:9)
  The ghost of jlumianski the Summoner, a novice FeSu of Sif Muna (D:8)
  Prince Ribbit (D:5)
  4 wraiths (D:8)
  A vampire (D:9)
  Sigmund (D:6)
  4 yaks (D:9)
  5 humans (D:7)
  Menkaure (D:6)
  Duvessa (D:5)
  A hornet zombie (D:7)
  2 ice beasts
  A black bear (D:6)
  6 ogres
  A sky beast (D:6)
  2 centaurs (D:6)
  7 bullfrogs
  An elf zombie (D:5)
  2 elf skeletons (D:5)
  2 wyvern zombies (D:6)
  4 water moccasin zombies (Ossuary)
  Dowan (D:5)
  5 killer bees (D:8)
  4 scorpions
  2 howler monkeys (D:4)
  A quasit (D:6)
  5 hounds
  2 human zombies (D:5)
  3 jellies
  5 orc wizards
  A bullfrog skeleton (D:4)
  An orc priest (D:6)
  A centaur skeleton (D:7)
  A human skeleton (D:5)
  Crazy Yiuf (D:2)
  9 worker ants
  2 big kobold zombies (Ossuary)
  A hound zombie (D:7)
  2 mummies (Ossuary)
  A howler monkey zombie (D:7)
  Robin (D:2)
  6 gnolls
  11 adders
  A white imp (D:6)
  2 ufetubi
  An ooze (D:4)
  An adder skeleton (D:4)
  4 adder zombies (Ossuary)
  3 worms
  2 dart slugs
  3 leopard geckos
  24 orcs
  A ball python (D:2)
  4 giant cockroaches
  3 gnoll zombies (Ossuary)
  13 goblins
  6 hobgoblins
  20 jackals
  5 quokkas
  A ball python zombie (D:5)
  3 bats (D:1)
  6 frilled lizards
  A hobgoblin zombie (Ossuary)
  4 kobolds
  6 kobold zombies (Ossuary)
  2 orc skeletons (D:5)
  9 orc zombies
  A quokka skeleton (D:4)
  6 rats
249 creatures vanquished.

Vanquished Creatures (others)
  3 fungi (D:2)
  5 plants (D:9)
8 creatures vanquished.

Grand Total: 257 creatures vanquished

Notes
Turn   | Place    | Note
-------+----------+-------------------------------------------
     0 | D:1      | Zeld the Deep Dwarf Fighter began the quest for the Orb.
     0 | D:1      | Reached XP level 1. HP: 20/20 MP: 1/1
    97 | D:1      | Reached skill level 3 in Axes
    97 | D:1      | Reached XP level 2. HP: 20/27 MP: 2/2
   756 | D:2      | Reached XP level 3. HP: 22/33 MP: 3/3
   839 | D:2      | Noticed Robin
   843 | D:2      | Reached skill level 4 in Axes
   848 | D:2      | Killed Robin
  1256 | D:2      | Reached XP level 4. HP: 40/40 MP: 4/4
  1962 | D:2      | Found a runed translucent door.
  1963 | D:2      | Noticed Crazy Yiuf
  1993 | D:2      | Killed Crazy Yiuf
  1994 | D:2      | Reached skill level 5 in Axes
  2273 | D:3      | Found an ornate altar of the Wu Jian Council.
  2354 | D:3      | Reached XP level 5. HP: 24/46 MP: 5/5
  2439 | D:3      | Reached skill level 6 in Axes
  3110 | D:4      | Noticed an ogre
  3124 | D:4      | Killed an ogre
  3125 | D:4      | Reached skill level 7 in Axes
  3125 | D:4      | Reached XP level 6. HP: 29/55 MP: 5/5
  3365 | D:4      | You fall into a shaft and drop 1 floor!
  3365 | D:5      | Entered Level 5 of the Dungeon
  3414 | D:5      | Noticed Dowan
  3415 | D:5      | Noticed Duvessa
  3447 | D:5      | Killed Duvessa
  3448 | D:5      | Reached skill level 8 in Axes
  3448 | D:5      | Reached XP level 7. HP: 43/61 MP: 5/5
  3458 | D:5      | Killed Dowan
  3565 | D:5      | Reached skill level 9 in Axes
  3600 | D:5      | Found a sand-covered staircase.
  3605 | Ossuary  | Entered an ossuary
  3716 | Ossuary  | Reached skill level 10 in Axes
  3792 | Ossuary  | Reached XP level 8. HP: 30/68 MP: 6/6
  3947 | D:4      | Found Beqex's Elemental Accessories.
  3956 | D:4      | Bought a wand of flame (14) for 80 gold pieces
  4515 | D:4      | Reached skill level 11 in Axes
  4949 | D:5      | Found a shimmering blue altar of Sif Muna.
  4949 | D:5      | Noticed Prince Ribbit
  4963 | D:5      | Killed Prince Ribbit
  4964 | D:5      | Reached skill level 12 in Axes
  5313 | D:5      | Gained mutation: You passively map the area around you.
                  | [Deep Dwarf growth]
  5313 | D:5      | Reached XP level 9. HP: 42/74 MP: 7/7
  5397 | D:6      | Noticed Menkaure
  5403 | D:6      | Killed Menkaure
  5425 | D:6      | Noticed Sigmund
  5431 | D:6      | Killed Sigmund
  5432 | D:6      | Reached skill level 13 in Axes
  5455 | D:6      | Found a staircase to the Ecumenical Temple.
  5469 | Temple   | Entered the Ecumenical Temple
  5505 | Temple   | Became a worshipper of Makhleb the Destroyer
  5645 | D:6      | Noticed Pikel
  5661 | D:6      | Killed Pikel
  5662 | D:6      | Reached skill level 14 in Axes
  5929 | D:6      | Noticed Maggie
  5958 | D:6      | Killed Maggie
  6284 | D:6      | Reached * piety under Makhleb
  6437 | D:7      | Reached skill level 15 in Axes
  6437 | D:7      | Reached XP level 10. HP: 67/81 MP: 8/8
  6543 | D:7      | You fall into a shaft and drop 2 floors!
  6545 | D:9      | Found a staircase to the Lair.
  6811 | D:8      | Reached ** piety under Makhleb
  6875 | D:8      | Found Upel's Armour Shop.
  6883 | D:8      | Bought a +0 pair of boots for 54 gold pieces
  6926 | D:8      | Reached skill level 16 in Axes
  6938 | D:8      | Reached skill level 1 in Throwing
  8235 | D:8      | Found a runed translucent gate.
  8235 | D:8      | Found a runed translucent gate.
  8235 | D:8      | Found a runed translucent gate.
  8240 | D:8      | Noticed jlumianski's ghost (novice FeSu)
  8277 | D:8      | Killed jlumianski's ghost
  8298 | D:8      | Reached skill level 5 in Throwing
  8533 | D:9      | Reached *** piety under Makhleb
  8608 | D:9      | Noticed a catoblepas
  8613 | D:9      | Reached skill level 1 in Invocations
  8649 | D:9      | Slain by a catoblepas

Illustrated notes

Levels and vault maps discovered:
D:1:      eino_arrival_water_star, layout_loops_ring,
          chequers_serial_rivers_marsh, minmay_misc_feat_tiny
D:2:      layout_loops_ring, serial_co_window_serial, co_window_corner_a,
          co_window_corner_a, co_window_paths_a, co_window_cross_1,
          co_window_of_opportunity_a, co_window_of_opportunity_b,
          co_window_paths_c, co_window_cross_4, co_window_2corner,
          co_window_broadway_b, co_window_cross_3, co_window_paths_e,
          glass_columns_a, glass_columns_c, glass_columns_c,
          uniq_crazy_yiuf_cottage, uniq_robin
D:3:      layout_basic, overflow_temple_1_default, serial_rivers,
          chequers_serial_rivers_room_b, chequers_serial_rivers_small_3,
          chequers_serial_rivers_small_b, chequers_serial_rivers_small_b,
          bh_walls_and_bars
D:4:      wad_river_or_something, layout_basic, nicolae_elemental_shop
D:5:      layout_rooms, nicolae_ossuary_entry_catacombs, serial_glass,
          glass_columns_c, glass_columns_b, due_unseen_surprise,
          item_on_display_a, item_on_display_a, item_on_display_a,
          palyth_stone_intersect, led_sif_book, uniq_prince_ribbit1,
          uniq_duvessa
D:6:      layout_basic, minmay_temple_entry_antechambers,
          kennysheep_generic_room_4, uniq_menkaure, uniq_sigmund, uniq_maggie,
          uniq_pikel
D:7:      layout_cave_pods, minmay_misc_feat_cross, minmay_ruffians
D:8:      layout_basic, serial_shops, shop, gammafunk_ghost_spectres
D:9:      layout_basic, david_lair_shrubbed
Temple:   grunt_wide_crystal_templ

Skill      XL: |  1  2  3  4  5  6  7  8  9 10 |
---------------+-------------------------------+-----
Axes           | 3 4 5 7 8 10 12 15 16 | 16.0
Throwing       | 6 |  6.0
Invocations    | 1 |  1.0
Fighting       | |  2.8
Armour         | |  3.2
Dodging        | |  0.2
Shields        | |  3.2
Evocations     | |  0.4

Action                   |  1- 3 |  4- 6 |  7- 9 | 10-12 || total
-------------------------+-------+-------+-------+-------++-------
Melee: War axe           |   103 |   196 |   506 |   349 ||  1154
Throw: Dart              |       |       |       |     1 ||     1
Invok: Lesser Servant of |       |       |       |     2 ||     2
 Abil: Heal Wounds       |     1 |     3 |     9 |     6 ||    19
  Use: Scroll            |       |     8 |     7 |     3 ||    18
Armor: Scale mail        |    44 |       |       |       ||    44
       Crystal plate arm |    23 |   162 |   276 |   200 ||   661
Dodge: Dodged            |    32 |     6 |    14 |     9 ||    61
Block: Kite shield       |    75 |    96 |   186 |   160 ||   517
